 Dungeon Crawl Stone Soup version 0.18.1-50-g88ac8fd (webtiles) character file.

398 loralnil the Insei (level 6, -4/33 HPs)
             Began as a Vine Stalker Monk on Sept 14, 2016.
             Killed by nerve-wracking pain
             ... invoked by Menkaure
              (12 damage)
             ... on level 5 of the Dungeon.
             The game lasted 00:09:53 (2223 turns).

loralnil the Insei (Vine Stalker Monk)              Turns: 2223, Time: 00:09:54

Health: -4/33      AC: 14    Str: 16    XL:     6   Next: 83%
Magic:  0/7        EV:  5    Int: 10    God:
Gold:   193        SH:  8    Dex: 16    Spells: 0 memorised, 5 levels left

rFire  . . .     SeeInvis .     h - +1 dagger (freeze)
rCold  . . .     Gourm    .     k - +0 chain mail
rNeg   . . .     Faith    .     t - +0 shield
rPois  +         Spirit   +     p - +0 helmet
rElec  .         Dismiss  .     o - +0 cloak
rCorr  .         Reflect  .     (no gloves)
SustAt .         Harm     .     (no boots)
MR     .....                    (no amulet)
Stlth  ..........               w - ring of poison resistance
                                q - +3 ring of protection

@: not resistant to hostile enchantments, extremely unstealthy
A: fangs 2, regeneration 2, magic shield, antimagic bite, no device heal 3, rot
immunity
a: no special abilities


You were on level 5 of the Dungeon.
You were hungry.

You visited 1 branch of the dungeon, and saw 5 of its levels.

You collected 193 gold pieces.

Inventory:

Hand Weapons
 h - a +1 dagger of freezing (weapon)
Armour
 k - a +0 chain mail (worn)
 o - a +0 cloak (worn)
 p - a +0 helmet (worn)
 t - a +0 shield (worn)
Jewellery
 q - a +3 ring of protection (left hand)
 w - a ring of poison resistance (right hand)
Scrolls
 l - a scroll of enchant weapon {unknown}
 n - a scroll of recharging {unknown}
 u - a scroll of random uselessness {unknown}
 v - 5 scrolls of remove curse
Potions
 a - 4 potions of flight
 d - 2 potions of invisibility
 e - 2 potions of haste
 g - 2 potions of cure mutation
 i - a potion of curing {unknown}
 r - a potion of mutation {unknown}
 s - 5 potions of heal wounds
Comestibles
 b - 4 bread rations
 f - a slice of pizza
 j - 2 meat rations
 m - 2 beef jerkies


   Skills:
 + Level 3.8 Fighting
 + Level 1.4 Short Blades
 + Level 2.8 Armour
 + Level 3.7 Dodging
 + Level 3.0 Stealth
 + Level 1.5 Shields
 - Level 4.0 Unarmed Combat


You had 5 spell levels left.
You didn't know any spells.

Dungeon Overview and Level Annotations

Branches:
Dungeon (5/15)
 Temple: D:4-7

Altars:
Trog
Vehumet
Yredelemnul

Annotations:
D:4 Crazy Yiuf
D:5 Menkaure


Innate Abilities, Weirdness & Mutations

You have extremely sharp teeth.
You heal very quickly.
When hurt, damage is shared between your health and your magic reserves.
Your bite disrupts and absorbs the magic of your enemies.
Potions and wands cannot restore your health.
You are immune to rotting.


Message History

You closely miss the shadow imp. The shadow imp hits you.
You hit the shadow imp but do no damage.
The shadow imp hits you but does no damage.
Your shield prevents you from hitting the shadow imp.
The shadow imp barely misses you.
You hit the shadow imp.
The shadow imp is lightly wounded.
You hear the rusting of a drain nearby.
Menkaure casts a spell at you. Pain shoots through your body!
The shadow imp gestures at you. Pain shoots through your body!
* * * LOW HITPOINT WARNING * * *
Read which item? (? for menu, Esc to quit)
As you read the scroll labeled QYUKUXK KUFOST, it crumbles to dust.
It is a scroll of amnesia.
You feel forgetful for a moment.
Menkaure points at you and mumbles some strange words.
Pain shoots through your body!
You die...

#≈≈≈#......#
#≈≈≈####..##
####..###
#.......#
#.......#
#.......#
#.....M.#
#.####)####
## #'##@##
#..5..#
#..M..#
#?....#
#.....#
#######


You could see Menkaure and a shadow imp.

Vanquished Creatures
  The ghost of psellion the Poker, an amateur OpBe of Trog (D:3)
  2 centaur skeletons
  2 orc wizards
  Robin (D:2)
  A gnoll (D:1)
  4 adders
  2 oozes
  4 giant geckos
  9 orcs
  5 giant cockroaches
  14 goblins
  16 hobgoblins
  2 jackals (D:1)
  4 kobolds
  3 quokkas
  6 bats
  2 giant newts (D:1)
  A jackal skeleton (D:5)
  9 rats
88 creatures vanquished.

Notes
Turn   | Place    | Note
--------------------------------------------------------------
     0 | D:1      | loralnil the Vine Stalker Monk began the quest for the Orb.
     0 | D:1      | Reached XP level 1. HP: 11/11 MP: 2/2
   129 | D:1      | Reached XP level 2. HP: 16/16 MP: 1/3
   290 | D:1      | Reached XP level 3. HP: 14/19 MP: 4/4
   491 | D:2      | Found a bloodstained altar of Trog.
   491 | D:2      | Noticed Robin
   587 | D:2      | Killed Robin
   587 | D:2      | Reached skill level 1 in Armour
   587 | D:2      | Reached XP level 4. HP: 21/24 MP: 5/5
   891 | D:2      | Found a basalt altar of Yredelemnul.
  1079 | D:3      | Reached XP level 5. HP: 28/28 MP: 6/6
  1369 | D:3      | Noticed psellion's ghost (amateur OpBe)
  1412 | D:3      | Killed psellion's ghost
  1412 | D:3      | Gained mutation: You heal very quickly. [Vine Stalker growth]
  1412 | D:3      | Reached XP level 6. HP: 14/33 MP: 4/7
  1825 | D:4      | Reached skill level 1 in Short Blades
  1825 | D:4      | Reached skill level 1 in Shields
  1977 | D:4      | Noticed Crazy Yiuf
  2006 | D:4      | HP: 1/33 [Crazy Yiuf/quarterstaff of chaos (14)]
  2021 | D:5      | Entered Level 5 of the Dungeon
  2074 | D:5      | Found a radiant altar of Vehumet.
  2077 | D:5      | Noticed Menkaure
  2089 | D:5      | HP: 1/33 [centaur skeleton (4)]
  2223 | D:5      | Killed from afar by Menkaure

Skill      XL: |  1  2  3  4  5  6 |
---------------+-------------------+-----
Fighting       | 3 |  3.8
Dodging        | 3 |  3.7
Armour         | 1 2 |  2.8
Stealth        | 3 |  3.0
Short Blades   | 1 |  1.4
Shields        | 1 |  1.5
Unarmed Combat | |  4.0

Action                   |  1- 3 |  4- 6 || total
-------------------------+-------+-------++-------
Melee: Dagger            |   109 |   272 ||   381
       Bite              |    34 |    72 ||   106
       Unarmed           |     3 |       ||     3
       Punch             |     1 |     1 ||     2
  Use: Scroll            |       |     8 ||     8
 Stab: Sleeping          |     2 |       ||     2
  Eat: Chunk             |       |     4 ||     4
Armor: Robe              |     3 |       ||     3
       Chain mail        |    42 |   169 ||   211
Dodge: Dodged            |    34 |    51 ||    85
Block: Shield            |       |    92 ||    92
